 Dungeon Crawl Stone Soup version 0.29-a0-270-g1586fc07ea (webtiles) character file.

Game seed: 1059471351627226366

144 bearlyready the Bolt Thrower (level 5, 0/29 HPs)
             Began as a Kobold Arcane Marksman on Mar 7, 2022.
             Succumbed to an adder's poison
             ... on level 4 of the Dungeon.
             The game lasted 00:05:18 (3676 turns).

bearlyready the Bolt Thrower (KoAM)                 Turns: 3676, Time: 00:05:19

Health: 0/29       AC:  4    Str:  5 (7)  XL:     5   Next: 52%
Magic:  6/6        EV: 15    Int: 12 (14) God:
Gold:   174        SH:  0    Dex: 17 (18) Spells: 5/6 levels left

rFire   . . .      SeeInvis .   a - +0 hand crossbow
rCold   . . .      Faith    .   (no shield)
rNeg    . . .      Spirit   .   b - +0 robe
rPois   .          Reflect  .   p - +0 helmet
rElec   .          Harm     .   (no cloak)
rCorr   .          Rampage  .   (no gloves)
Will    .....                   j - +0 pair of boots
Stlth   +++.......              (no amulet)
HPRegen 0.09/turn               (no ring)
MPRegen 0.10/turn               (no ring)

@: lethally poisoned (0 -> -9)
A: small, no large weapons, nightstalker 3
a: no special abilities


You were on level 4 of the Dungeon.
You visited 1 branch of the dungeon, and saw 4 of its levels.

You collected 174 gold pieces.

Inventory:

Hand Weapons
 a - a +0 hand crossbow (weapon)
 g - a +1 whip of pain
 t - a +2 dagger of freezing
Armour
 b - a +0 robe (worn)
 j - a +0 pair of boots (worn)
 k - a +0 scale mail
 p - a +0 helmet (worn)
Wands
 q - a wand of digging (6)
Scrolls
 c - a scroll of vulnerability
 e - 2 scrolls of teleportation {unknown}
 f - a scroll of magic mapping {unknown}
 h - 3 scrolls of identify {unknown}
 i - a scroll of enchant armour {unknown}
 l - a scroll of enchant weapon {unknown}
 m - 2 scrolls of fog {unknown}
Potions
 d - a potion of cancellation
 n - a potion of flight
 o - a potion of attraction {unknown}
 r - a potion of degeneration
 s - 2 potions of curing {unknown}
 u - a potion of haste {unknown}


   Skills:
 - Level 1.1 Fighting
 + Level 6.9 Crossbows
 - Level 2.4 Dodging
 + Level 1.2 Stealth
 - Level 1.1 Spellcasting
 - Level 3.0 Hexes


You had 5 spell levels left.
You knew the following spells:

 Your Spells              Type           Power      Damage    Failure   Level
a - Slow                  Hex            28%        N/A       9%          1

Your spell library contained the following spells:

 Spells                   Type           Power      Damage    Failure   Level
 Magic Dart               Conj           0%         1d3       30%         1
 Call Imp                 Summ           0%         N/A       41%         2
 Corpse Rot               Necr/Air       0%         N/A       41%         2
 Poisonous Vapours        Pois/Air       0%         N/A       41%         2
 Inner Flame              Hex/Fire       4%         N/A       43%         3
 Portal Projectile        Hex/Tloc       8%         N/A       43%         3
 Mephitic Cloud           Conj/Pois/Air  0%         N/A       65%         3
 Cause Fear               Hex            3%         N/A       65%         4


Dungeon Overview and Level Annotations

Branches:
Dungeon (4/15)
 Temple: D:4-7

Altars:
Elyvilon

Annotations:
D:3 Terence


Innate Abilities, Weirdness & Mutations

You are small and have problems with some larger weapons.
You are completely attuned to the shadows.


Message History

Press: ? - help, Q - select action, (/) - cycle Shift-Dir - straight line, f/p - adder
Aim: an adder (moderately wounded, 50% to hit)
You shoot a bolt. The bolt hits the adder.
The adder is heavily wounded.
You feel sick. The adder bites you but does no damage. The adder bites you.
You are more poisoned.
The adder poisons you!
Shoot: a) +0 hand crossbow
Press: ? - help, Q - select action, (/) - cycle Shift-Dir - straight line, f/p - adder
Aim: an adder (heavily wounded, 50% to hit)
You shoot a bolt. The bolt hits the adder.
The adder is almost dead.
You feel very sick. The adder bites you.
You are lethally poisoned!
The adder poisons you!
Shoot: a) +0 hand crossbow
Press: ? - help, Q - select action, (/) - cycle Shift-Dir - straight line, f/p - adder
Aim: an adder (almost dead, 50% to hit)
You shoot a bolt. The bolt hits the adder!
You kill the adder!
* * * LOW HITPOINT WARNING * * *
You feel very sick.
The ball python bites you but does no damage.
The ball python barely misses you.
It was a potion of flight.
You feel very buoyant.
You fly up into the air.
* * * LOW HITPOINT WARNING * * *
You feel very sick. The ball python misses you.
The ball python closely misses you.
It was a potion of cancellation.
Your magical effects are unravelling.
You feel magically purged.
You float gracefully downwards.
* * * LOW HITPOINT WARNING * * *
You feel sick. The ball python barely misses you. The ball python misses you.
It was a potion of degeneration.
There was something very wrong with that liquid.
You feel weakened.
You feel dopey.
You feel clumsy.
You die...

...................
#..................
#..................
#..................
#.<.................
##.................# .#
#......##.....###.# ..#
..#..####..######.##.##
...............@Sl.....
####.##...###....#
#<.####..##..#..
#..#.........l...
#.##...........## #..
.......###... ...
.....#.# #.# .......#
.....# #...


You could see an iguana and a ball python.

Vanquished Creatures
  Ijyb (D:3)
  Natasha (D:3)
  2 adders (D:4)
  An ufetubus (D:3)
  2 worms
  6 orcs
  2 endoplasms
  5 giant cockroaches
  5 goblins
  5 hobgoblins
  4 jackals (D:1)
  A quokka (D:2)
  6 ball pythons
  6 frilled lizards
  7 kobolds
  6 rats
60 creatures vanquished.

Notes
Turn   | Place    | Note
-------+----------+-------------------------------------------
     0 | D:1      | bearlyready the Kobold Arcane Marksman began the quest for
                  | the Orb.
     0 | D:1      | Reached XP level 1. HP: 12/12 MP: 2/2
    48 | D:1      | Reached skill level 3 in Crossbows
   236 | D:1      | Reached XP level 2. HP: 16/16 MP: 3/3
   274 | D:1      | Reached skill level 4 in Crossbows
   695 | D:1      | Reached XP level 3. HP: 15/20 MP: 4/4
   808 | D:1      | Found a faded altar of an unknown god.
  1441 | D:2      | Reached skill level 5 in Crossbows
  1692 | D:2      | Found a white marble altar of Elyvilon.
  2148 | D:2      | Reached XP level 4. HP: 14/25 MP: 3/5
  2423 | D:3      | Noticed Ijyb
  2435 | D:3      | Killed Ijyb
  2595 | D:3      | Reached skill level 6 in Crossbows
  2860 | D:3      | Noticed Natasha
  2868 | D:3      | Killed Natasha
  2869 | D:3      | Reached XP level 5. HP: 23/29 MP: 6/6
  2936 | D:3      | Noticed Terence
  3198 | D:4      | Noticed an orc warrior
  3430 | D:4      | Noticed an ogre
  3448 | D:3      | Reached skill level 1 in Stealth
  3676 | D:4      | Succumbed to an adder's poison

Illustrated notes

Levels and vault maps discovered:
D:1:      tarquinn_simple_flora_water_d, layout_loops_cross,
          basic_ecumenical_altar
D:2:      layout_loops_ring, basic_altar, minmay_misc_feat_secret_circle
D:3:      layout_basic, uniq_natasha, uniq_terence, uniq_ijyb
D:4:      layout_rooms, kb_xom_exploding_sheep, minmay_mini_jars

Skill      XL: |  1  2  3  4  5 |
---------------+----------------+-----
Crossbows      | 3 4 5 6 |  6.9
Stealth        | 1 |  1.2
Fighting       | |  1.1
Dodging        | |  2.4
Spellcasting   | |  1.1
Hexes          | |  3.0

Action                   |  1- 3 |  4- 6 || total
-------------------------+-------+-------++-------
 Fire: Hand crossbow     |   129 |    97 ||   226
 Cast: Slow              |     4 |     6 ||    10
  Use: Potion            |       |     3 ||     3
Armor: Robe              |    11 |    15 ||    26
Dodge: Dodged            |    68 |    49 ||   117

Table legend: (Time is in decaauts)
 A = Elapsed time spent in this place.
 B = Non-inter-level travel time spent in this place.
 C = Inter-level travel time spent in this place.
 D = Time resting spent in this place.
 E = Time spent auto-exploring this place.
 F = Levels seen in this place.
 G = Mean time per level.
                   A        B        C        D        E       F      G
               +--------+--------+--------+--------+--------+-----+--------+
         Total |   3732 |   3560 |    172 |     98 |   2864 |   4 |  933.0 |
       Dungeon |   3732 |   3560 |    172 |     98 |   2864 |   4 |  933.0 |
               +--------+--------+--------+--------+--------+-----+--------+

Top non-repeatable levels by time:
     D:3: 1209 daAuts
     D:1: 1164 daAuts
     D:2: 1046 daAuts
     D:4: 311 daAuts
